 Dungeon Crawl Stone Soup version 0.18-a0-1497-g788d838 (webtiles) character file.

47 SlimeFever the Skirmisher (level 3, -1/30 HPs)
             Began as a Demonspawn Abyssal Knight on Mar 4, 2016.
             Was a Believer of Lugonu.
             Slain by a worm (10 damage)
             ... on level 2 of the Dungeon.
             The game lasted 00:09:26 (1198 turns).

SlimeFever the Skirmisher (DsAK)                    Turns: 1198, Time: 00:09:27

Health: -1/30      AC:  8    Str: 13    XL:     3   Next: 48%
Magic:  4/4        EV: 11    Int: 13    God:    Lugonu [**....]
Gold:   75         SH:  0    Dex: 12    Spells: 0 memorised, 2 levels left

rFire  . . .     SeeInvis +     a - +1 hand axe
rCold  . . .     Gourm    .     b - +0 leather armour
rNeg   . . .     Faith    .     (no shield)
rPois  .         Spirit   .     (no helmet)
rElec  .         Dismiss  .     (no cloak)
rCorr  .         Reflect  .     (no gloves)
SustAt .         Harm     .     (no boots)
MR     .....                    (no amulet)
Stlth  +.........               m - +5 ring of protection
                                l - ring of see invisible

@: not resistant to hostile enchantments, very unstealthy
A: hooves 1
a: Depart the Abyss, Bend Space, Renounce Religion


You were on level 2 of the Dungeon.
You worshipped Lugonu.
Lugonu was pleased with you.
You were very hungry.

You visited 1 branch of the dungeon, and saw 2 of its levels.
You visited the Abyss 1 time.

You collected 75 gold pieces.

Inventory:

Hand Weapons
 a - a +1 hand axe (weapon)
Missiles
 g - 7 poisoned needles
 h - 17 bolts
 i - 17 sling bullets
Armour
 b - a +0 leather armour (worn)
Jewellery
 l - a ring of see invisible (left hand)
 m - a +5 ring of protection (right hand)
Scrolls
 d - a scroll of remove curse
Potions
 e - a potion of curing
 j - 3 potions of cure mutation {unknown}
Comestibles
 c - 2 bread rations
 f - a beef jerky


   Skills:
 + Level 3.7 Fighting
 * Level 2.6 Axes
 + Level 2.0 Armour
 + Level 1.1 Dodging
 + Level 2.5 Invocations


You had 2 spell levels left.
You didn't know any spells.

Dungeon Overview and Level Annotations

Branches:
Dungeon (2/15)

Altars:


Innate Abilities, Weirdness & Mutations

You have large cloven feet.


Message History

You completely miss the worm. You kick the worm, but do no damage.
The worm is heavily wounded.
The worm closely misses you.
You hit the worm. Your kick misses the worm.
The worm is severely wounded.
The worm bites you.
* * * LOW HITPOINT WARNING * * *
You hit the worm but do no damage. You kick the worm, but do no damage.
The worm is severely wounded.
You hit the worm.
The worm is severely wounded.
The worm closely misses you.
You barely miss the worm.
The worm is severely wounded.
The worm completely misses you.
You hit the worm. You kick the worm, but do no damage.
The worm is severely wounded.
You are feeling very hungry.
The worm bites you!
You die...

#.#######
########.##.....
#...............
#.######.##.### ######.#
####.##.# ..†....#
#....##.# .#######
#.#####.# .# #####.# #.#
.# #.....#####@# .#
###.###.##..w.#
.###.............#
......#..8..#..#......
.##...##...##..#########
.##...#######...........
.##...##...##..########<
.##...#..8..#..#
.###...w.......#


You could see a worm.

Vanquished Creatures
  2 adders (D:2)
  An ooze (D:1)
  2 giant geckos (D:2)
  A ball python (D:1)
  A giant cockroach (D:1)
  3 goblins
  3 hobgoblins (D:1)
  2 bats (D:1)
  4 kobolds
  6 rats (D:1)
25 creatures vanquished.

Notes
Turn   | Place    | Note
--------------------------------------------------------------
     0 | Abyss:1  | SlimeFever the Demonspawn Abyssal Knight began the quest for the Orb.
     0 | Abyss:1  | Reached XP level 1. HP: 18/18 MP: 2/2
    68 | D:1      | Escaped the Abyss
   375 | D:1      | Reached skill level 1 in Dodging
   442 | D:1      | Gained mutation: You have large cloven feet. [demonic ancestry]
   442 | D:1      | Reached XP level 2. HP: 9/24 MP: 3/3
   890 | D:1      | Reached ** piety under Lugonu
   983 | D:2      | Reached XP level 3. HP: 15/29 MP: 4/4
  1198 | D:2      | Slain by a worm

Vault maps used:
D:1:      dpeg_cavernosity
D:2:      kennysheep_goblin_castle, first_bread, fountainhead,
          mrwooster_statue_mirror
Abyss:1:  evilmike_abyss_exit_15

Skill      XL: |  1  2  3 |
---------------+----------+-----
Dodging        | 1 |  1.1
Axes           | 2 |  2.6
Armour         | 2 |  2.0
Fighting       | |  3.7
Invocations    | |  2.5

Action                   || total
-------------------------++-------
Melee: Hand axe          ||    95
  Use: Scroll            ||     3
